 Dungeon Crawl Stone Soup version 0.31.0-4-g52a2dc7128 (webtiles) character file.

Game seed: 8551119983464921310

93990 James the Marksgnoll (level 16, -2/171 (187) HPs)
             Began as a Gnoll Wanderer on Jan 21, 2024.
             Was a High Priest of Okawaru.
             Slain by a laughing skull (8 damage)
             ... on level 2 of the Abyss.
             The game lasted 01:59:17 (24147 turns).

James the Marksgnoll (Gnoll Wanderer)              Turns: 24147, Time: 01:59:17

HP:   -2/171 (187)  AC: 41    Str: 17    XL:     16   Next: 10%
MP:   27/31         EV:  9    Int:  9    God:    Okawaru [*****.]
Gold: 614           SH: 20    Dex: 21    Spells: 37/37 levels left

rFire   + + .        Z - +3 eveningstar
rCold   + . .        F - +0 kite shield
rNeg    + . .        k - +2 crystal plate armour "Qeast" {rF++ rC- Dex+4}
rPois   .            A - +2 helmet of the Hidden Mouths {rC+ rN+}
rElec   .            h - +1 cloak
rCorr   .            u - +1 pair of gloves "Soeher" {Slay+2}
SInv    .            g - +2 pair of boots
Will    +....        L - amulet of reflection Stlth
                     o - ring of protection from cold
HPRegen 0.48/turn    V - +4 ring of slaying
MPRegen 0.22/turn

%: reflection
@: mighty, berserking, on fire, heroic, glowing, studying Ranged Weapons,
drained, very quick
A: fangs 1, strong nose, distributed training
a: Renounce Religion, Heroism, Finesse, Duel


You were on level 2 of the Abyss.
You worshipped Okawaru.
Okawaru was extremely pleased with you.
You visited 4 branches of the dungeon, and saw 20 of its levels.
You visited the Abyss 1 time.
You also visited: Sewer.

You collected 1735 gold pieces.
You spent 1121 gold pieces at shops.

Inventory:

Hand Weapons
 a - a +5 sling
 b - a +4 scimitar of electrocution
   (You took it off Blork the orc on level 5 of the Dungeon)
 Y - a +1 scimitar of flaming
   (You took it off an efreet on level 12 of the Dungeon)
 Z - a +3 eveningstar (weapon)
   (You took it off Urug on level 12 of the Dungeon)
Missiles
 p - 3 throwing nets {!f}
 t - an atropa-tipped dart
 w - 4 silver javelins
 C - 7 javelins (quivered)
 O - 19 boomerangs
 W - 31 poisoned darts
Armour
 g - a +2 pair of boots (worn)
   (You found it on level 12 of the Dungeon)
 h - a +1 cloak (worn)
   (You found it on level 1 of the Dungeon)
 k - the +2 crystal plate armour "Qeast" (worn) {rF++ rC- Dex+4}
   (Okawaru gifted it to you on level 15 of the Dungeon)

   Dex+4:     It affects your dexterity (+4).
   rF++:      It greatly protects you from fire.
   rC-:       It makes you vulnerable to cold.
 u - the +1 pair of gloves "Soeher" (worn) {Slay+2}
   (You bought it in a shop on level 2 of the Orcish Mines)

   Slay+2:    It affects your accuracy & damage with ranged weapons and melee
   (+2).
 A - the +2 helmet of the Hidden Mouths (worn) {rC+ rN+}
   (You bought it in a shop on level 2 of the Orcish Mines)

   rC+:       It protects you from cold.
   rN+:       It protects you from negative energy.
 F - a +0 kite shield (worn)
   (You took it off a tengu warrior on level 13 of the Dungeon)
 K - a +2 scale mail of poison resistance
   (You took it off a gnoll sergeant on level 7 of the Dungeon)
 X - a +3 scale mail of willpower
   (You took it off an orc priest on level 7 of the Dungeon)
Jewellery
 c - a ring of positive energy
   (You took it off Jorgrun on level 12 of the Dungeon)
 e - an amulet of regeneration
   (You found it on level 2 of the Dungeon)
 i - a ring of protection from fire
   (You found it on level 11 of the Dungeon)
 o - a ring of protection from cold (left hand)
   (You found it on level 3 of the Dungeon)
 E - a ring of resist corrosion
   (You found it on level 10 of the Dungeon)
 L - an amulet of reflection (around neck)
   (You took it off Erica on level 8 of the Dungeon)
 M - a +4 ring of protection
   (You found it on level 5 of the Dungeon)
 T - an amulet of guardian spirit
   (You found it on level 10 of the Dungeon)
 V - a +4 ring of slaying (right hand)
   (You found it on level 10 of the Dungeon)
Wands
 q - a wand of mindburst (5)
   (You found it on level 12 of the Dungeon)
 x - a wand of acid (2)
   (You took it off a human on level 13 of the Dungeon)
Scrolls
 f - 2 scrolls of immolation {!r}
 j - 5 scrolls of teleportation {@r4}
 B - 3 scrolls of enchant armour
 J - a scroll of fog
 N - a scroll of enchant weapon
 U - 4 scrolls of identify {@r1}
Potions
 l - a potion of mutation {!q}
 n - 3 potions of enlightenment
 r - a potion of magic
 s - 4 potions of brilliance
 z - 8 potions of ambrosia
 D - 2 potions of cancellation
 H - 2 potions of might
 I - a potion of haste {@q3}
 P - 8 potions of curing {@q1}


   Skills:
 + Level 11.3(16.3) Fighting
 + Level 11.0(16.0) Short Blades
 + Level 11.0(16.0) Long Blades
 + Level 11.0(16.0) Axes
 + Level 11.0(16.0) Maces & Flails
 + Level 11.0(16.0) Polearms
 + Level 11.0(16.0) Staves
 + Level 16.3(21.3) Ranged Weapons
 + Level 11.0(16.0) Throwing
 + Level 13.7(18.7) Armour
 + Level 11.0(16.0) Dodging
 + Level 11.0(16.0) Stealth
 + Level 11.0(16.0) Shields
 + Level 11.0(16.0) Unarmed Combat
 + Level 11.0 Spellcasting
 + Level 9.2 Conjurations
 + Level 9.2 Hexes
 + Level 9.2 Summonings
 + Level 9.2 Necromancy
 + Level 9.2 Translocations
 + Level 9.2 Fire Magic
 + Level 9.2 Ice Magic
 + Level 9.2 Air Magic
 + Level 9.2 Earth Magic
 + Level 9.2 Alchemy
 + Level 12.2 Invocations
 + Level 11.0 Evocations
 + Level 10.1 Shapeshifting


You had 37 spell levels left.
You didn't know any spells.
Your spell library contained the following spells:

 Spells                   Type           Power      Damage    Failure   Level
 Apportation              Tloc           42%        N/A       26%         1
 Foxfire                  Conj/Fire      84%        2x1d8     26%         1
 Magic Dart               Conj           84%        1d7       26%         1
 Necrotise                Necr           84%        1d8       26%         1
 Sting                    Conj/Alch      84%        1d8       26%         1
 Blink                    Tloc           42%        N/A       36%         2
 Lesser Beckoning         Tloc           42%        N/A       36%         2
 Momentum Strike          Conj/Tloc      42%        3d9       36%         2
 Frozen Ramparts          Ice            42%        1d7       61%         3
 Inner Flame              Hex/Fire       21%        N/A       61%         3
 Ignite Poison            Fire/Alch      21%        N/A       95%         4
 Leda's Liquefaction      Alch/Erth      10%        N/A       95%         4
 Olgreb's Toxic Radiance  Alch           21%        N/A       95%         4
 Passage of Golubria      Tloc           21%        N/A       95%         4
 Petrify                  Alch/Erth      21%        N/A       95%         4
 Sticky Flame             Fire/Alch      21%        2d6       95%         4
 Irradiate                Conj/Alch      10%        3d15      100%        5
 Metabolic Englaciation   Hex/Ice        10%        N/A       100%        5
 Silence                  Hex/Air        10%        N/A       100%        5
 Plasma Beam              Fire/Air       10%        2x1d21    100%        6
 Starburst                Conj/Fire      10%        6d5       100%        6
 Ozocubu's Refrigeration  Ice            10%        4d9       100%        7
 Discord                  Hex            10%        N/A       100%        8
 Ignition                 Fire           10%        3d5       100%        8
 Lehudib's Crystal Spear  Conj/Erth      10%        10d4      100%        8
 Summon Small Mammal      Summ           Unusable   N/A       N/A         1
 Call Imp                 Summ           Unusable   N/A       N/A         2

Dungeon Overview and Level Annotations

Branches:
Dungeon (15/15)            Temple (1/1) D:7            Lair (0/5) D:8
    Orc (2/2) D:12            Elf (2/3) Orc:2        Vaults (0/5) D:13
 Depths (0/4) D:15          Sewer (visited)

Altars:
Ashenzari
Cheibriados
Dithmenos
Elyvilon
Fedhas
Gozag
Hepliaklqana
Kikubaaqudgha
Makhleb
Nemelex Xobeh
Okawaru
Qazlal
Ru
Sif Muna
Trog
Uskayaw
Vehumet
Wu Jian
Xom
Yredelemnul
Zin
The Shining One

Shops:
D:2 (   D:5 *   D:8 *   Orc:2 *(:[

Portals:
Trove: D:11 (give 8 potions of haste)

Annotations:
D:8 exclusion: downstairs
Elf:2 3 runed translucent doors


Innate Abilities, Weirdness & Mutations

You have very sharp teeth.
Your uncanny sense of smell can sniff out nearby items.
Your experience applies equally to all skills.


Message History

Okay, then.
Unknown command.
Okay, then.
You don't know any spells.
Unknown command.
Press: ? - help, Shift-Dir - straight line, f - laughing skull
Aim: a laughing skull (51% to hit)
The bolt of acid hits the smoke demon!
The acid corrodes the smoke demon!
The bolt of acid hits the laughing skull!!
You destroy the laughing skull!
Okawaru accepts your kill. The liquid fire burns you!
* * * LOW HITPOINT WARNING * * *
The blink frog is engulfed in a cloud of scalding steam.
You block the blink frog's attack. You block the laughing skull's attack.
You block the smoke demon's attack.
The smoke demon hits you but does no damage. x2
The blink frog is engulfed in a cloud of scalding steam.
The blink frog completely misses you.
The large abomination is engulfed in a cloud of scalding steam.
The large abomination completely misses you.
You impale the smoke demon!!
You kill the smoke demon!
Okawaru accepts your kill. The liquid fire burns you!
* * * LOW HITPOINT WARNING * * *
The laughing skull gibbers with scorn.
The bolt of negative energy hits you. You partially resist.
You feel drained.
* * * LOW HITPOINT WARNING * * *
A red film seems to cover your vision as you go berserk!
Your finesse ends abruptly.
You feel yourself moving faster!
You feel mighty! The liquid fire burns you!
* * * LOW HITPOINT WARNING * * *
The blink frog is engulfed in a cloud of scalding steam.
The blink frog hits you but does no damage.
The laughing skull gibbers with scorn.
The bolt of negative energy misses you.
The large abomination is engulfed in a cloud of scalding steam.
The large abomination hits you.
* * * LOW HITPOINT WARNING * * *
The blink frog is engulfed in a cloud of scalding steam.
You block the blink frog's attack.
You puncture the blink frog!
You kill the blink frog!
Okawaru accepts your kill. The liquid fire burns you!
* * * LOW HITPOINT WARNING * * *
The laughing skull headbutts you!
You die...
The laughing skull crumbles to pieces from sheer joy.

#. .... # .
z.###########
°. #.
..#..@z......'
# ...
.#F#X(§§....'°
F..#..#########
.# ...F..#..
... .. . #)...
. #...#..# ##..
.. #..##. ..
##.# .#


You could see a large abomination, a blink frog and a laughing skull.

Vanquished Creatures
  Norris (Elf:1)
  Jorgrun (D:12)
  Frances (Elf:1)
  Agnes (Elf:1)
  Kirke (D:15)
  A deep elf sorcerer (Orc:2)
  2 orc warlords
  A very ugly thing (Abyss:2)
  2 fire dragons (D:15)
  An entropy weaver (shapeshifter) (D:13)
  Josephine (D:12)
  A great orb of eyes (Abyss:2)
  2 vault guards (D:13)
  Erolcha (D:13)
  A hydra (D:12)
  4 boulder beetles
  4 two-headed ogres
  Erica (D:8)
  5 dancing weapons
  2 death yaks (D:13)
  2 centaur warriors (D:14)
  An orc high priest (Orc:2)
  A death knight (D:13)
  6 tengu warriors
  Urug (D:12)
  An occultist (Abyss:2)
  A skyshark (Elf:1)
  8 deep elf knights
  A wretched star (Abyss:2)
  A deep troll (D:10)
  5 arcanists
  4 deep elf archers (Elf:1)
  3 necromancers (D:13)
  13 deep elf zephyrmancers
  A phantasmal warrior (D:13)
  13 deep elf pyromancers
  4 orc knights
  6 ugly things (D:12)
  4 orc sorcerers
  5 cyclopes
  An elephant (D:13)
  3 meliai (D:15)
  4 manticores
  2 large abominations (Abyss:2)
  A smoke demon (Abyss:2)
  Joseph (D:7)
  4 gargoyles (D:12)
  Maggie (D:8)
  A kobold demonologist (D:9)
  An efreet (D:12)
  An unseen horror (D:12)
  A yaktaur (D:15)
  2 freezing wraiths
  A komodo dragon (D:11)
  2 tengu conjurers (D:14)
  A queen bee (D:15)
  8 trolls
  A raiju (Abyss:2)
  A dream sheep (shapeshifter) (D:14)
  A blink frog (Abyss:2)
  A small abomination (Abyss:2)
  Sigmund (D:5)
  3 vampires
  8 slime creatures
  2 air elementals (Elf:1)
  2 basilisks
  2 shadows (D:11)
  8 wraiths
  A wyvern (D:8)
  17 yaks
  18 humans
  3 steam dragons
  4 hogs (D:14)
  12 vampire mosquitoes
  The ghost of ongoing the Chiller, an amateur NaIE (D:3)
  5 death yak simulacra (D:13)
  2 wargs
  A steam dragon (shapeshifter) (D:15)
  2 acid dragons
  2 two-headed ogre zombies (D:12)
  3 water moccasins
  28 orc warriors
  3 ice beasts
  2 sky beasts (D:7)
  6 ogres
  A swamp drake (D:10)
  7 black bears
  7 laughing skulls
  7 centaurs
  3 phantoms
  2 weeping skulls (Abyss:2)
  A kobold brigand (D:8)
  6 bullfrogs
  2 gnoll sergeants
  Blork the orc (D:5)
  A scorpion (D:5)
  12 wights
  An elephant simulacrum (D:13)
  34 killer bees
  A howler monkey (D:5)
  A bombardier beetle (D:7)
  2 quasits (Abyss:2)
  25 orc priests
  2 gnoll boudas
  6 jellies
  A sleepcap (D:4)
  22 orc wizards
  A statue (D:15)
  6 ogre zombies (D:12)
  29 gnolls
  9 adders
  2 river rats
  A hound simulacrum (D:3)
  2 shadow imps (D:5)
  A white imp (D:7)
  5 hell rat simulacra (D:13)
  4 dart slugs
  3 ribbon worms
  50 orcs
  11 ball pythons
  7 bats
  13 endoplasms
  7 giant cockroaches
  8 goblins
  7 hobgoblins
  A jackal (D:2)
  5 quokkas
  3 ball python simulacra (D:3)
  3 frilled lizards
  3 gnoll skeletons (D:12)
  A jackal simulacrum (D:3)
  12 kobolds
  An orc skeleton (D:12)
  19 orc zombies (D:12)
  12 rats
661 creatures vanquished.

Vanquished Creatures (others)
  A white imp (Abyss:2)
  A gnoll zombie (D:12)
  An orc zombie (D:12)
3 creatures vanquished.

Grand Total: 664 creatures vanquished

Notes
Turn   | Place    | Note
-------+----------+-------------------------------------------
     0 | D:1      | James the Gnoll Wanderer began the quest for the Orb.
     0 | D:1      | James set off with the following items: a +3 sling, a +0
                  | ring mail, a scroll of teleportation {@r4}.
     0 | D:1      | Reached XP level 1. HP: 17/17 MP: 2/2
   190 | D:1      | Reached XP level 2. HP: 23/23 MP: 3/3
   625 | D:1      | Reached XP level 3. HP: 28/28 MP: 4/4
   933 | D:2      | Found a bloodstained altar of Trog.
   967 | D:2      | Found Rurypnugih's Weapon Shoppe.
  1379 | D:2      | Reached skill level 1 in Short Blades
  1379 | D:2      | Reached skill level 1 in Long Blades
  1379 | D:2      | Reached skill level 1 in Axes
  1379 | D:2      | Reached skill level 1 in Maces & Flails
  1379 | D:2      | Reached skill level 1 in Polearms
  1379 | D:2      | Reached skill level 1 in Staves
  1379 | D:2      | Reached skill level 1 in Throwing
  1379 | D:2      | Reached skill level 1 in Dodging
  1379 | D:2      | Reached skill level 1 in Stealth
  1379 | D:2      | Reached skill level 1 in Shields
  1379 | D:2      | Reached skill level 1 in Unarmed Combat
  1379 | D:2      | Reached skill level 1 in Spellcasting
  1379 | D:2      | Reached skill level 1 in Evocations
  1412 | D:2      | Reached skill level 1 in Shapeshifting
  1412 | D:2      | Reached XP level 4. HP: 34/34 MP: 6/6
  1651 | D:2      | Reached skill level 1 in Conjurations
  1651 | D:2      | Reached skill level 1 in Hexes
  1651 | D:2      | Reached skill level 1 in Summonings
  1651 | D:2      | Reached skill level 1 in Necromancy
  1651 | D:2      | Reached skill level 1 in Translocations
  1651 | D:2      | Reached skill level 1 in Fire Magic
  1651 | D:2      | Reached skill level 1 in Ice Magic
  1651 | D:2      | Reached skill level 1 in Air Magic
  1651 | D:2      | Reached skill level 1 in Earth Magic
  1651 | D:2      | Reached skill level 1 in Alchemy
  1698 | D:2      | Found the +18 Lear's hauberk
  2005 | D:3      | Noticed ongoing's ghost (amateur NaIE)
  2286 | D:3      | Found a runed translucent gate.
  2286 | D:3      | Found a runed translucent gate.
  2286 | D:3      | Found a runed translucent gate.
  2449 | D:4      | Noticed a phantom
  2490 | D:3      | Reached XP level 5. HP: 40/40 MP: 7/7
  2651 | D:4      | Reached XP level 6. HP: 45/47 MP: 8/8
  2810 | D:4      | Noticed a black bear
  2832 | D:4      | Reached XP level 7. HP: 52/52 MP: 10/10
  2855 | D:4      | Found a glowing drain.
  2865 | Sewer    | Entered a sewer
  3029 | Sewer    | Found a viscous altar of Jiyva.
  3064 | Sewer    | Reached skill level 9 in Ranged Weapons
  3303 | D:5      | Entered Level 5 of the Dungeon
  3502 | D:5      | Reached XP level 8. HP: 60/60 MP: 12/12
  3543 | D:5      | Noticed Blork the orc
  3551 | D:5      | Killed Blork the orc
  3567 | D:5      | Found an ornate altar of the Wu Jian Council.
  3708 | D:5      | Noticed Sigmund
  3820 | D:5      | Killed Sigmund
  3867 | D:5      | Found Gaenemigg's Assorted Antiques.
  4350 | D:6      | Reached skill level 5 in Invocations
  4574 | D:6      | Reached XP level 9. HP: 67/67 MP: 13/15
  4902 | D:7      | Noticed Joseph
  5061 | D:7      | Reached skill level 5 in Fighting
  5064 | D:7      | Found a staircase to the Ecumenical Temple.
  5265 | Temple   | Entered the Ecumenical Temple
  5291 | Temple   | Became a worshipper of Warmaster Okawaru
  5384 | D:7      | Found a shimmering altar of Xom.
  5384 | D:7      | Found a hide-covered altar of Uskayaw.
  5386 | D:7      | Found a shadowy altar of Dithmenos.
  5445 | D:7      | Killed Joseph
  5491 | D:7      | Found a broken altar of Ashenzari.
  5921 | D:8      | Noticed Erica
  6004 | D:8      | Reached skill level 5 in Short Blades
  6004 | D:8      | Reached skill level 5 in Long Blades
  6004 | D:8      | Reached skill level 5 in Axes
  6004 | D:8      | Reached skill level 5 in Maces & Flails
  6004 | D:8      | Reached skill level 5 in Polearms
  6004 | D:8      | Reached skill level 5 in Staves
  6004 | D:8      | Reached skill level 5 in Throwing
  6004 | D:8      | Reached skill level 5 in Dodging
  6004 | D:8      | Reached skill level 5 in Stealth
  6004 | D:8      | Reached skill level 5 in Shields
  6004 | D:8      | Reached skill level 5 in Unarmed Combat
  6004 | D:8      | Reached skill level 5 in Spellcasting
  6004 | D:8      | Reached skill level 5 in Evocations
  6004 | D:8      | Reached XP level 10. HP: 76/76 MP: 17/17
  6009 | D:8      | Reached * piety under Okawaru
  6078 | D:8      | Reached skill level 10 in Ranged Weapons
  6078 | D:8      | Reached skill level 10 in Armour
  6185 | D:8      | Noticed Maggie
  6198 | D:8      | Killed Maggie
  6270 | D:8      | Killed Erica
  6302 | D:8      | Reached skill level 5 in Shapeshifting
  6365 | D:8      | Reached ** piety under Okawaru
  6475 | D:8      | Found a staircase to the Lair.
  6938 | D:8      | Found Woeter's General Store.
  6958 | D:8      | Found an opulent altar of Gozag.
  7250 | D:9      | Reached *** piety under Okawaru
  7325 | D:9      | Reached skill level 5 in Conjurations
  7325 | D:9      | Reached skill level 5 in Hexes
  7325 | D:9      | Reached skill level 5 in Summonings
  7325 | D:9      | Reached skill level 5 in Necromancy
  7325 | D:9      | Reached skill level 5 in Translocations
  7325 | D:9      | Reached skill level 5 in Fire Magic
  7325 | D:9      | Reached skill level 5 in Ice Magic
  7325 | D:9      | Reached skill level 5 in Air Magic
  7325 | D:9      | Reached skill level 5 in Earth Magic
  7325 | D:9      | Reached skill level 5 in Alchemy
  7326 | D:9      | Reached XP level 11. HP: 83/83 MP: 20/20
  7598 | D:9      | Reached **** piety under Okawaru
  7599 | D:9      | Reached skill level 11 in Ranged Weapons
  7764 | D:9      | Found a white marble altar of Elyvilon.
  7764 | D:9      | Found a shimmering blue altar of Sif Muna.
  7959 | D:10     | Entered Level 10 of the Dungeon
  8402 | D:10     | Noticed a manticore
  8521 | D:10     | Noticed a deep troll
  8536 | D:10     | Killed a deep troll
  8705 | D:10     | Killed a manticore
  8873 | D:5      | Bought an inky potion for 22 gold pieces
  8998 | D:3      | Killed ongoing's ghost
  9248 | D:11     | Noticed a two-headed ogre
  9257 | D:11     | Killed a two-headed ogre
  9257 | D:11     | Reached ***** piety under Okawaru
  9478 | D:11     | Found a portal to a secret trove of treasure.
  9552 | D:11     | Reached XP level 12. HP: 82/91 MP: 22/22
  9580 | D:11     | Received a gift from Okawaru
 10351 | D:12     | Reached skill level 12 in Ranged Weapons
 10409 | D:12     | Noticed Jorgrun
 10533 | D:12     | Found a staircase to the Orcish Mines.
 10625 | D:12     | Noticed a two-headed ogre
 10647 | D:11     | Killed a two-headed ogre
 10948 | D:12     | Noticed a boulder beetle
 11070 | D:12     | Killed Jorgrun
 11163 | D:12     | Identified the +3 rapier of Emuicle {freeze, Int+3}
 11222 | D:12     | Noticed Urug
 11398 | D:12     | Killed a boulder beetle
 11515 | D:12     | Reached XP level 13. HP: 57/99 MP: 25/25
 11519 | D:12     | HP: 2/99 [cyan ugly thing (16)]
 11520 | D:12     | Reached skill level 13 in Ranged Weapons
 11672 | D:12     | Identified the +1 orcbow of the Wilderness {antimagic, rN+
                  | Str+5 Dex-5}
 11794 | D:12     | Killed Urug
 12152 | D:12     | Found a staircase to the Orcish Mines.
 12622 | D:13     | Found the +10 Black Knight's barding {ponderous, rPois rN+}
 12687 | Orc:1    | Entered Level 1 of the Orcish Mines
 12698 | D:12     | Received a gift from Okawaru
 12712 | Orc:1    | Noticed an orc warlord
 13206 | Orc:1    | Killed an orc warlord
 13258 | Orc:2    | Entered Level 2 of the Orcish Mines
 13711 | Orc:2    | Found a staircase to the Elven Halls.
 14122 | Orc:2    | Paralysed by an orc sorcerer for 3 turns
 14248 | Orc:2    | Paralysed by an orc sorcerer for 5 turns
 14255 | Orc:2    | Received a gift from Okawaru
 14268 | Orc:2    | Reached skill level 10 in Invocations
 14683 | Orc:2    | Noticed an orc warlord
 14784 | Orc:2    | Killed an orc warlord
 14857 | Orc:2    | Found Neplapia's Antique Armour Shop.
 14860 | Orc:2    | Found Laqyquj's Book Shop.
 14863 | Orc:2    | Found Dat Niur's General Store.
 14960 | Orc:2    | Found Enamosec's Antique Weapon Shop.
 15231 | Orc:2    | Bought a warped helmet for 285 gold pieces
 15231 | Orc:2    | Identified the +2 helmet of the Hidden Mouths {rC+ rN+}
                  | (You bought it in a shop on level 2 of the Orcish Mines)
 15258 | Orc:2    | Bought the +1 pair of gloves "Soeher" {Slay+2} for 298 gold
                  | pieces
 15279 | Orc:2    | Bought a fading chain mail for 285 gold pieces
 15279 | Orc:2    | Identified the +6 chain mail "Qoasaproi" {rF+ rC- Will+}
                  | (You bought it in a shop on level 2 of the Orcish Mines)
 15355 | D:13     | Noticed Josephine
 15369 | D:12     | Killed Josephine
 15377 | D:12     | Reached skill level 14 in Ranged Weapons
 15479 | D:12     | Reached XP level 14. HP: 59/108 MP: 27/27
 16262 | D:13     | Identified the +0 robe of Demons {Int+2 Dex-4 Archmagi}
 16274 | D:13     | Received a gift from Okawaru
 16447 | D:13     | Found a gate to the Vaults.
 16673 | D:13     | Noticed Erolcha
 16679 | D:13     | Killed Erolcha
 16859 | D:13     | Reached skill level 10 in Fighting
 17743 | Orc:2    | Bought a scroll of teleportation for 36 gold pieces
 17871 | D:8      | Bought a scroll of teleportation for 45 gold pieces
 17871 | D:8      | Bought a potion of resistance for 150 gold pieces
 18088 | D:14     | Received a gift from Okawaru
 18222 | D:14     | Found a white marble altar of Elyvilon.
 18657 | D:14     | Reached skill level 15 in Ranged Weapons
 18680 | D:14     | Identified the +2 robe "Xipaaf" {Harm Will- Str+5 Dex+2}
 18788 | D:14     | Reached skill level 10 in Short Blades
 18788 | D:14     | Reached skill level 10 in Long Blades
 18788 | D:14     | Reached skill level 10 in Axes
 18788 | D:14     | Reached skill level 10 in Maces & Flails
 18788 | D:14     | Reached skill level 10 in Polearms
 18788 | D:14     | Reached skill level 10 in Staves
 18788 | D:14     | Reached skill level 10 in Throwing
 18788 | D:14     | Reached skill level 10 in Dodging
 18788 | D:14     | Reached skill level 10 in Stealth
 18788 | D:14     | Reached skill level 10 in Shields
 18788 | D:14     | Reached skill level 10 in Unarmed Combat
 18788 | D:14     | Reached skill level 10 in Spellcasting
 18788 | D:14     | Reached skill level 10 in Evocations
 19148 | D:15     | Entered Level 15 of the Dungeon
 19374 | D:15     | Noticed Kirke
 19449 | D:14     | Reached ****** piety under Okawaru
 19450 | D:14     | Reached XP level 15. HP: 100/117 MP: 29/29
 19779 | D:15     | Killed Kirke
 20012 | D:15     | Found a radiant altar of Vehumet.
 20155 | D:15     | Received a gift from Okawaru
 20483 | D:15     | Found a staircase to the Depths.
 20506 | D:15     | Acquired the +2 crystal plate armour "Qeast" {rF++ rC-
                  | Dex+4}
 20506 | D:15     | Received a gift from Okawaru
 20522 | D:15     | Upgraded the game from 0.31.0-1-g2c135a008e to
                  | 0.31.0-4-g52a2dc7128
 20925 | Elf:1    | Entered Level 1 of the Elven Halls
 21606 | Elf:1    | Noticed a deep elf sorcerer
 21997 | Orc:2    | Killed a deep elf sorcerer
 23234 | Elf:1    | You fall into a shaft and drop 1 floor!
 23234 | Elf:2    | Found a runed translucent gate.
 23234 | Elf:2    | Found a runed translucent gate.
 23260 | Elf:2    | Found a runed translucent gate.
 23276 | Elf:2    | Paralysed by an air elemental for 1 turns
 23280 | Elf:1    | Noticed Frances
 23294 | Elf:1    | Killed Frances
 23437 | Elf:1    | Found a radiant altar of Vehumet.
 23460 | Elf:1    | Paralysed by an air elemental for 1 turns
 23468 | Elf:1    | Paralysed by an air elemental for 1 turns
 23471 | Elf:1    | Paralysed by an air elemental for 1 turns
 23474 | Elf:1    | Paralysed by an air elemental for 1 turns
 23483 | Elf:1    | Received a gift from Okawaru
 23555 | Elf:1    | Noticed Norris
 23557 | Elf:1    | Reached skill level 16 in Ranged Weapons
 23573 | Elf:1    | Noticed Agnes
 23577 | Elf:1    | Killed Agnes
 23592 | Elf:1    | Killed Norris
 23592 | Elf:1    | Received a gift from Okawaru
 23600 | Elf:1    | Reached skill level 10 in Shapeshifting
 23632 | Elf:1    | Noticed a deep elf sorcerer
 23636 | Abyss:2  | Cast into level 2 of the Abyss (a deep elf sorcerer)
 23903 | Abyss:2  | Reached XP level 16. HP: 121/125 MP: 30/30
 24117 | Abyss:2  | Received a gift from Okawaru
 24146 | Abyss:2  | HP: 7/171 [large abomination (3)]
 24147 | Abyss:2  | Slain by a laughing skull

Illustrated notes

Levels and vault maps discovered:
D:1:      lightli_arrival_statue_moat, layout_basic, amethyst_killhole
D:2:      minmay_alternating_diamond, layout_loops_corners, basic_altar,
          serial_shops, shop
D:3:      layout_basic, gammafunk_ghost_icy
D:4:      layout_gridville, portal_sewer_entry_e, hangedman_decor_push
D:5:      layout_gridville, mainiacjoe_overflow_tiny_flanked, serial_shops,
          nicolae_shop_back_alley_shop, uniq_sigmund, uniq_blork_the_orc
D:6:      layout_basic
D:7:      layout_basic, nicolae_overflow_quartered_altars,
          minmay_temple_entry_drinking_statues, uniq_joseph
D:8:      layout_basic, old_standard_altar, due_lair_maze_entry_diamond,
          serial_shops, nicolae_shop_pleasant_corner_grove,
          minmay_splitting_lines, uniq_maggie, uniq_erica
D:9:      layout_roguey, minitemple
D:10:     dreamdust_cave_troll, layout_long_grid, ebering_dispersal_statue_hall
D:11:     layout_basic, nicolae_trove_entry_columns, pond
D:12:     cheibrodos_ideogram_h, layout_irregular_city, zombieorc2_lemuel,
          uniq_urug, uniq_jorgrun
D:13:     layout_layer_cave, grunt_vaults_entry_tiered,
          minmay_misc_feat_nine_boxes, eino_house_with_fridge, uniq_josephine,
          uniq_erolcha
D:14:     layout_long_grid, amcnicky_mini_rare_corridor_liquid, elyvilon_altar_1
D:15:     grunt_enter_depths_hoard, layout_rooms, minmay_misc_feat_room,
          special_room [special_room_bee], vehumet_statue, uniq_kirke
Temple:   nicolae_temple_superstar
Orc:1:    layout_caves
Orc:2:    grunt_orc_cross, layout_caves, lightli_volcano_entry_magma_tube,
          basic_altar
Elf:1:    nicolae_elf_arrival_fired_up, layout_geoelf_octagon, serial_shops,
          shop, minmay_elf_sorcery, corexii_leaking_fountain,
          lemuel_upstairs_altar, uniq_norris, uniq_frances, uniq_agnes
Elf:2:    elven_hall_of_blades_hangedman_original [nooodl_blade_entry_preview],
          layout_onion_city, basic_altar, portal_ice_cave_entry_ice_statue_one,
          portal_desolation_entry_nicolae_nacl
Abyss:2:  base: Crypt:3, hangedman_eye_storm, evilmike_abyss_exit_6

Skill      XL: |  1  2  3  4  5  6  7  8  9 10 11 12 13 14 15 16 |
---------------+-------------------------------------------------+-----
Short Blades   | 1 2 3 4 5 6 7 8 9 10 11 | 11.0
Long Blades    | 1 2 3 4 5 6 7 8 9 10 11 | 11.0
Axes           | 1 2 3 4 5 6 7 8 9 10 11 | 11.0
Maces & Flails | 1 2 3 4 5 6 7 8 9 10 11 | 11.0
Polearms       | 1 2 3 4 5 6 7 8 9 10 11 | 11.0
Staves         | 1 2 3 4 5 6 7 8 9 10 11 | 11.0
Throwing       | 1 2 3 4 5 6 7 8 9 10 11 | 11.0
Dodging        | 1 2 3 4 5 6 7 8 9 10 11 | 11.0
Stealth        | 1 2 3 4 5 6 7 8 9 10 11 | 11.0
Shields        | 1 2 3 4 5 6 7 8 9 10 11 | 11.0
Unarmed Combat | 1 2 3 4 5 6 7 8 9 10 11 | 11.0
Spellcasting   | 1 2 3 4 5 6 7 8 9 10 11 | 11.0
Evocations     | 1 2 3 4 5 6 7 8 9 10 11 | 11.0
Shapeshifting  | 1 2 3 4 5 6 7 8 9 10 | 10.1
Conjurations   | 1 2 3 4 5 6 7 8 9 |  9.2
Hexes          | 1 2 3 4 5 6 7 8 9 |  9.2
Summonings     | 1 2 3 4 5 6 7 8 9 |  9.2
Necromancy     | 1 2 3 4 5 6 7 8 9 |  9.2
Translocations | 1 2 3 4 5 6 7 8 9 |  9.2
Fire Magic     | 1 2 3 4 5 6 7 8 9 |  9.2
Ice Magic      | 1 2 3 4 5 6 7 8 9 |  9.2
Air Magic      | 1 2 3 4 5 6 7 8 9 |  9.2
Earth Magic    | 1 2 3 4 5 6 7 8 9 |  9.2
Alchemy        | 1 2 3 4 5 6 7 8 9 |  9.2
Invocations    | 3 4 5 6 7 8 9 10 11 12 | 12.2
Fighting       | 3 4 5 6 7 8 9 10 11 | 11.3
Ranged Weapons | 9 10 11 12 14 15 16 | 16.3
Armour         | 9 10 11 12 13 | 13.7

Action                     |  1- 3 |  4- 6 |  7- 9 | 10-12 | 13-15 | 16-18 || total
---------------------------+-------+-------+-------+-------+-------+-------++-------
  Melee: Dagger            |       |     4 |       |       |       |       ||     4
         Scimitar          |       |       |    11 |   252 |   919 |    19 ||  1201
         Bite              |       |       |       |    44 |   124 |     7 ||   175
         Eveningstar       |       |       |       |       |       |    43 ||    43
   Fire: Sling             |   103 |   181 |   479 |   739 |   334 |       ||  1836
  Throw: Dart              |       |       |       |       |     1 |       ||     1
 Invoke: Heroism           |       |       |       |     6 |     7 |     1 ||    14
         Finesse           |       |       |       |     4 |     6 |     1 ||    11
         Receive Armour    |       |       |       |       |     1 |       ||     1
  Evoke: Wand              |       |       |       |     1 |     5 |     1 ||     7
    Use: Scroll            |       |    10 |     8 |    11 |     7 |       ||    36
         Potion            |       |       |       |     5 |     8 |     3 ||    16
   Stab: Invisible         |       |       |       |     4 |       |       ||     4
         Sleeping          |       |       |       |       |     2 |       ||     2
         Distracted        |       |       |       |       |     1 |       ||     1
 Armour: Ring mail         |    12 |    74 |   136 |       |       |       ||   222
         Scale mail        |       |       |    21 |   516 |   526 |       ||  1063
         Skin              |       |       |       |    14 |       |       ||    14
         Crystal plate arm |       |       |       |       |   201 |    60 ||   261
  Dodge: Dodged            |    19 |   128 |   201 |   527 |   445 |    20 ||  1340
  Block: Buckler           |       |       |       |   190 |   185 |       ||   375
         Kite shield       |       |       |       |       |   408 |    66 ||   474
         Reflection        |       |       |       |       |    59 |     1 ||    60
